 Dungeon Crawl Stone Soup version 0.31.0-9-g3a7656b989 (webtiles) character file.

Game seed: 15639225447905940707

184 qw the Shooter (level 5, -4/26 HPs)
             Began as a Spriggan Hunter on Feb 2, 2024.
             Killed from afar by Blork the orc (10 damage)
             ... with a magic dart
             ... on level 4 of the Dungeon.
             The game lasted 00:00:09 (2615 turns).

qw the Shooter (Spriggan Hunter)                    Turns: 2615, Time: 00:00:09

Health: -4/26      AC:  2    Str:  7    XL:     5   Next: 36%
Magic:  6/6        EV: 20    Int: 10    God:
Gold:   148        SH:  0    Dex: 21    Spells: 4/4 levels left

rFire   . . .        a - +1 shortbow
rCold   . . .        (shield currently unavailable)
rNeg    . . .        c - +0 robe
rPois   +            (helmet restricted)
rElec   .            (no cloak)
rCorr   .            (gloves unavailable)
SInv    +            (boots unavailable)
Will    .....        (no amulet)
Stlth   ++           m - ring of poison resistance
HPRegen 0.24/turn    (no ring)
MPRegen 0.10/turn

%: no passive effects
@: very quick
A: very small, no large weapons, unfitting armour, see invisible, speed 3
a: no special abilities


You were on level 4 of the Dungeon.
You visited 1 branch of the dungeon, and saw 4 of its levels.

You collected 148 gold pieces.


Innate Abilities, Weirdness & Mutations

You are very small and have problems with some larger weapons.
You are too small for most types of armour.
You have supernaturally acute eyesight. (SInv)
You cover ground extremely quickly. (Speed+++)


   Skills:
 - Level 2.3 Fighting
 + Level 5.3 Ranged Weapons
 - Level 5.1 Dodging
 - Level 1.5 Stealth


You had 4 spell levels left.
You didn't know any spells.
Your spell library was empty.

Inventory:

Hand Weapons
 a - a +1 shortbow (weapon)
Armour
 c - a +0 robe (worn)
Jewellery
 m - a ring of poison resistance (left hand)
Wands
 e - a wand of charming (9)
 j - a wand of light (1)
 l - a wand of flame (12)
Potions
 d - a potion of haste
 f - a potion of brilliance {unknown}
 g - a potion of heal wounds {unknown}
 i - a potion of enlightenment {unknown}

Dungeon Overview and Level Annotations

Branches:
Dungeon (4/15)
 Temple: D:4-7

Altars:
Cheibriados

Shops:
D:2 ?

Annotations:
D:4 Blork the orc


Message History

There is a stone staircase leading up here.
Blork the orc is nearby!
Waypoint 3 assigned to D:4.
You shoot an arrow. The arrow hits Blork the orc.
Blork the orc shouts!
Blork the orc is lightly wounded.
You shoot an arrow. The arrow hits Blork the orc!
Blork the orc is heavily wounded.
Blork the orc closely misses you.
You shoot an arrow. The arrow hits Blork the orc.
Blork the orc is heavily wounded.
Blork the orc screams, "I'll decorate my home with your organs!"
Blork the orc misses you.
You shoot an arrow. The arrow barely misses Blork the orc.
Blork the orc misses you.
You shoot an arrow. The arrow barely misses Blork the orc.
Blork the orc misses you.
You shoot an arrow. The arrow hits Blork the orc.
Blork the orc is severely wounded.
Blork the orc hits you with a +0 war axe of freezing!
Ouch! That really hurt!
Blork the orc freezes you!
You shoot an arrow. The arrow closely misses Blork the orc.
Blork the orc completely misses you.
You shoot an arrow. The arrow hits Blork the orc.
Blork the orc is severely wounded.
Blork the orc completely misses you.
Blork the orc looks braver for a moment.
You shoot an arrow. The arrow hits Blork the orc.
Blork the orc is almost dead.
Blork the orc closely misses you.
You shoot an arrow. The arrow hits Blork the orc.
Blork the orc is almost dead.
Blork the orc misses you.
You shoot an arrow. The arrow barely misses Blork the orc.
Blork the orc casts a cantrip, but nothing happens.
You shoot an arrow. The arrow hits Blork the orc.
Blork the orc is almost dead.
Blork the orc points at you and mumbles some strange words.
The magic dart hits you!
You die...

..#.######
#.........
#.........
#.........
#.........
#.........
#.o.......
#.@..?....
#..[.(....
#.........
#.>.......
#####.####
.# #


You could see Blork the orc.

Vanquished Creatures
  A bombardier beetle (D:3)
  Natasha (D:3)
  Terence (D:3)
  2 adders
  2 ribbon worms
  6 dart slugs
  4 bats
  3 endoplasms
  2 giant cockroaches (D:2)
  5 goblins
  10 hobgoblins
  8 jackals
  6 kobolds
  2 ball pythons (D:2)
  5 frilled lizards
  6 rats
64 creatures vanquished.

Notes
Turn   | Place    | Note
-------+----------+-------------------------------------------
     0 | D:1      | qw the Spriggan Hunter began the quest for the Orb.
     0 | D:1      | Reached XP level 1. HP: 10/10 MP: 2/2
     0 | D:1      | 0 ||| qw: Version: 0.3-a-155-g5e7d8dd
     0 | D:1      | 0 ||| qw: Game counter: 2550
     0 | D:1      | 0 ||| qw: Melee chars always use a shield: true
     0 | D:1      | 0 ||| qw: God list: Okawaru
     0 | D:1      | 0 ||| qw: Allow faded altars: false
     0 | D:1      | 0 ||| qw: Do Orc after clearing Dungeon:15 true
     0 | D:1      | 0 ||| qw: Do second Lair branch before Depths: true
     0 | D:1      | 0 ||| qw: Lair rune preference: random
     0 | D:1      | 0 ||| qw: Goals: Normal
     0 | D:1      | 0 ||| PLANNING D:1-11
    77 | D:1      | Reached skill level 3 in Dodging
   107 | D:1      | Reached XP level 2. HP: 14/14 MP: 3/3
   257 | D:1      | Found a faded altar of an unknown god.
   590 | D:1      | 590 ||| READING scroll labelled ROSSOI EHIFUK.
   591 | D:1      | 591 ||| READING scroll labelled DUCU JIEXY.
   592 | D:1      | 592 ||| READING scroll labelled IXTOUN ACONU.
   592 | D:1      | 592 ||| IDENTIFYING ruby potion
   593 | D:1      | 593 ||| DROPPING scroll of butterflies.
   713 | D:2      | Reached XP level 3. HP: 18/18 MP: 4/4
  1127 | D:2      | Identified the +2 leather armour "Fatuot" {rPois rCorr
                  | MP+9}
  1134 | D:2      | Found Mynalif's Magic Scroll Boutique.
  1141 | D:2      | 1141 ||| SHOPLISTING 3 scrolls of enchant weapon (225 gold,
                  | have 66).
  1141 | D:2      | 1141 ||| SHOPLISTING scroll of brand weapon (95 gold, have
                  | 66).
  1551 | D:2      | 1551 ||| READING scroll labelled DETTEF CEALISI.
  1551 | D:2      | 1551 ||| ENCHANTING +0 shortbow.
  1552 | D:2      | 1552 ||| READING scroll labelled HUPOCA WEDAYT.
  1552 | D:2      | 1552 ||| ENCHANTING +0 shortbow.
  1749 | D:3      | Reached XP level 4. HP: 22/22 MP: 5/5
  1800 | D:3      | Found a snail-covered altar of Cheibriados.
  1913 | D:3      | Noticed Terence
  1918 | D:3      | HP: 4/22 [Terence/+0 mace (7)]
  1924 | D:3      | Killed Terence
  2015 | D:3      | Reached XP level 5. HP: 26/26 MP: 6/6
  2425 | D:3      | Noticed Natasha
  2429 | D:3      | Killed Natasha
  2574 | D:3      | 2574 ||| UPGRADING to ring of poison resistance.
  2575 | D:3      | 2575 ||| READING scroll labelled OREER BY AFYMN.
  2576 | D:3      | 2576 ||| READING scroll labelled IDGHUV VORESELYV.
  2577 | D:3      | 2577 ||| READING scroll labelled ELIASE NUONAWK.
  2603 | D:4      | Noticed Blork the orc
  2609 | D:4      | HP: 4/26 [Blork the orc/+0 war axe of freezing (7)]
  2615 | D:4      | Killed from afar by Blork the orc

Levels and vault maps discovered:
D:1:      dpeg_arrival_snail, layout_basic, ebering_ecumenical_altar_petrified
D:2:      minmay_wonky_spiral, layout_basic, serial_shops, shop,
          serial_bayou_lagoon_a, nicolae_underground_beach
D:3:      layout_loops_corners, kennysheep_slug_shrine, uniq_natasha,
          uniq_terence
D:4:      layout_rooms, minmay_temple_entry_statues_pillars, uniq_blork_the_orc,
          uniq_sigmund

Skill      XL: |  1  2  3  4 |
---------------+-------------+-----
Dodging        | 3 4 5 |  5.1
Ranged Weapons | 5 |  5.3
Fighting       | 2 |  2.3
Stealth        | |  1.5

Action                     |  1- 3 |  4- 6 || total
---------------------------+-------+-------++-------
   Fire: Shortbow          |   101 |    89 ||   190
    Use: Scroll            |     5 |     3 ||     8
 Armour: Robe              |    10 |    11 ||    21
  Dodge: Dodged            |    27 |    37 ||    64

Table legend:
 A = Non-vault XP
 B = Vault XP
 C = Vault XP percentage of total XP
 D = Non-vault monster count
 E = Vault monster count
 F = Vault count percentage of total count
                 A         B        C        D         E       F
            +---------+---------+-------+---------+---------+-------
      Total |     187 |      77 |  29.2 |      57 |       7 |  10.9
            +---------+---------+-------+---------+---------+-------
        D:1 |      33 |       0 |   0.0 |      18 |       0 |   0.0
        D:2 |      54 |       6 |  10.0 |      20 |       4 |  16.7
        D:3 |     100 |      71 |  41.5 |      19 |       3 |  13.6
            +---------+---------+-------+---------+---------+-------
